 Dungeon Crawl Stone Soup version 0.28-a0-429-g1448048969 (webtiles) character file.

Game seed: 17180614097609868353

172 rogsnak the Digger (level 5, -4/40 HPs)
             Began as a Draconian Earth Elementalist on Sept 12, 2021.
             Killed by divine providence
             ... invoked by an orc priest
              (12 damage)
             ... on level 3 of the Dungeon.
             The game lasted 00:08:58 (4237 turns).

rogsnak the Digger (Draconian Earth Elementalist)   Turns: 4237, Time: 00:08:58

Health: -4/40      AC:  6    Str: 10    XL:     5   Next: 27%
Magic:  0/9        EV: 13    Int: 16    God:
Gold:   70         SH:  0    Dex: 18    Spells: 6/10 levels left

rFire   . . .      SeeInvis .   x - +1 mace (protect)
rCold   . . .      Faith    .   (no shield)
rNeg    . . .      Spirit   .   (armour unavailable)
rPois   .          Reflect  .   (helmet restricted)
rElec   .          Harm     .   (no cloak)
rCorr   .          Rampage  .   l - +0 pair of gloves
Will    .....                   (no boots)
Stlth   ++........              (no amulet)
HPRegen 0.13/turn               e - +6 ring of dexterity
MPRegen 0.11/turn               (no ring)

@: no status effects
A: AC +5, unfitting armour, cold-blooded
a: no special abilities


You were on level 3 of the Dungeon.
You visited 1 branch of the dungeon, and saw 3 of its levels.

You collected 70 gold pieces.

Inventory:

Hand Weapons
 a - a +0 hand axe
 d - a +0 whip of holy wrath
 g - a +0 mace
 w - a +0 trident
 x - a +1 mace of protection (weapon)
Missiles
 b - 89 stones
 i - 11 sling bullets
 m - 16 boomerangs
 v - 22 poisoned darts
Armour
 l - a +0 pair of gloves (worn)
Magical Staves
 j - a staff of death
Jewellery
 e - a +6 ring of dexterity (left hand)
 r - a ring of protection from fire
 s - a ring of positive energy
Scrolls
 f - a scroll of summoning {unknown}
 k - 2 scrolls of identify
 o - 2 scrolls of fog
 q - 3 scrolls of enchant armour {unknown}
 t - a scroll of enchant weapon {unknown}
Potions
 c - a potion of haste
 n - a potion of resistance {unknown}
 p - 2 potions of degeneration {unknown}
 u - a potion of lignification {unknown}


   Skills:
 + Level 1.2 Fighting
 + Level 2.5 Dodging
 - Level 1.7 Stealth
 + Level 3.1 Spellcasting
 * Level 1.6 Conjurations
 - Level 1.0 Transmutations
 + Level 4.3 Earth Magic


You had 6 spell levels left.
You knew the following spells:

 Your Spells              Type           Power      Damage    Failure   Level
a - Sandblast             Erth           32%        2d9       3%          1
b - Stone Arrow           Conj/Erth      24%        3d8       16%         3

Your spell library contained the following spells:

 Spells                   Type           Power      Damage    Failure   Level
 Passwall                 Tmut/Erth      9%         N/A       10%         2
 Static Discharge         Conj/Air       5%         N/A       21%         2
 Petrify                  Tmut/Erth      11%        N/A       52%         4
 Lightning Bolt           Conj/Air       2%         1d14      98%         5
 Lehudib's Crystal Spear  Conj/Erth      6%         10d3      100%        8
 Maxwell's Capacitive Co  Air            1%         ∞         100%        8
 Animate Armour           Summ/Erth      Unusable   N/A       N/A         4

Dungeon Overview and Level Annotations

Branches:
Dungeon (3/15)

Altars:


Innate Abilities, Weirdness & Mutations

Your plain brown scales are hard. (AC +5)
You cannot fit into any form of body armour.
You are cold-blooded and may be slowed by cold attacks.


Message History

The orc priest is heavily wounded.
The orc priest invokes the aid of Beogh against you.
Pain shoots through your body!
You hit the orc priest.
The orc priest is heavily wounded.
The orc priest completely misses you.
The orc priest mumbles some strange prayers to Beogh against you.
Beogh smites you!
* * * LOW HITPOINT WARNING * * *
Unknown command.
Okay, then.
Okay, then.
It was a potion of curing.
You feel better. The orc priest barely misses you.
Unknown command.
Casting: Stone Arrow (dangerous; 16% risk of failure)
Confirm with . or Enter, or press ? or * to list all spells.
Aiming: Sandblast (safe; 3% risk of failure)
Press: ? - help, Shift-Dir - straight line, f/p - orc priest
Aim: an orc priest, wielding a +0 club and wearing a +0 leather armour (heavily wounded, 79% to hit)
The blast of sand hits the orc priest.
The orc priest is almost dead.
The orc priest hits you but does no damage.
You closely miss the orc priest.
The orc priest is almost dead.
The orc priest closely misses you.
Unknown command.
Casting: Sandblast (safe; 3% risk of failure)
Confirm with . or Enter, or press ? or * to list all spells.
Aiming: Sandblast (safe; 3% risk of failure)
Press: ? - help, Shift-Dir - straight line, f/p - orc priest
Aim: an orc priest, wielding a +0 club and wearing a +0 leather armour (almost dead, 79% to hit)
The blast of sand hits the orc priest but does no damage.
The orc priest is almost dead.
The orc priest hits you with a +0 club.
* * * LOW HITPOINT WARNING * * *
You barely miss the orc priest.
Your tail-slap misses the orc priest.
The orc priest is almost dead.
The orc priest mumbles some strange prayers to Beogh against you.
Beogh smites you!
You die...

♣♣♣ ♣♣.♣ ♣...♣♣ ♣..♣♣
♣♣.... ♣♣..♣♣♣ ♣♣♣♣♣ ♣♣...♣
♣♣♣.♣ ########.## ### ###
#.###......#..# #.###.#
#.........###.# #.##..#
...####..o@.###.###.#...###
..o'...=...................
...####...#.#######.#...###
##.##.# ##)##.## ####.#
##.#.### #.# ##.###.### #.#
#.## ##..# #.# ##.###.#<###
#.# ##.#.......


You could see an orc priest.

Vanquished Creatures
  4 adders
  4 gnolls (D:2)
  A dart slug (D:3)
  5 worms (D:2)
  7 orcs
  5 ball pythons
  6 endoplasms
  A giant cockroach (D:3)
  5 goblins
  5 hobgoblins
  3 jackals (D:2)
  8 kobolds
  6 quokkas
  6 bats
  3 frilled lizards
  A quokka skeleton (D:3)
  3 rats
73 creatures vanquished.

Notes
Turn   | Place    | Note
-------+----------+-------------------------------------------
     0 | D:1      | rogsnak the Draconian Earth Elementalist began the quest
                  | for the Orb.
     0 | D:1      | Reached XP level 1. HP: 14/14 MP: 3/3
   390 | D:1      | Reached XP level 2. HP: 20/20 MP: 5/5
  1171 | D:1      | Reached XP level 3. HP: 21/26 MP: 6/6
  1175 | D:1      | Learned a level 3 spell: Stone Arrow
  2252 | D:3      | Reached XP level 4. HP: 31/34 MP: 7/7
  2399 | D:3      | Reached skill level 1 in Fighting
  3057 | D:2      | Reached skill level 1 in Conjurations
  3148 | D:2      | Reached skill level 4 in Earth Magic
  3472 | D:2      | Reached XP level 5. HP: 37/40 MP: 4/9
  4232 | D:3      | HP: 2/40 [orc priest/divine providence (16)]
  4237 | D:3      | Killed from afar by an orc priest

Illustrated notes

Levels and vault maps discovered:
D:1:      roderic_crossed_star, layout_basic
D:2:      layout_loops_ring
D:3:      kb_forest_paths, layout_loops_corners, chequers_garden

Skill      XL: |  1  2  3  4  5 |
---------------+----------------+-----
Dodging        | 2 |  2.5
Fighting       | 1 |  1.2
Conjurations   | 1 |  1.6
Earth Magic    | 4 |  4.3
Spellcasting   | 3 |  3.1
Stealth        | |  1.7
Transmutations | |  1.0

Action                   |  1- 3 |  4- 6 || total
-------------------------+-------+-------++-------
Melee: Hand axe          |    23 |       ||    23
       Tailslap          |    10 |    11 ||    21
       Mace              |    82 |    73 ||   155
 Cast: Sandblast         |     8 |    29 ||    37
       Stone Arrow       |     4 |    11 ||    15
  Use: Scroll            |     3 |       ||     3
       Potion            |     1 |     1 ||     2
 Stab: Sleeping          |     3 |     2 ||     5
Armor: Skin              |    48 |    37 ||    85
Dodge: Dodged            |   104 |    45 ||   149

Table legend: (Time is in decaauts)
 A = Elapsed time spent in this place.
 B = Non-inter-level travel time spent in this place.
 C = Inter-level travel time spent in this place.
 D = Time resting spent in this place.
 E = Time spent auto-exploring this place.
 F = Levels seen in this place.
 G = Mean time per level.
                   A        B        C        D        E       F      G
               +--------+--------+--------+--------+--------+-----+--------+
         Total |   4305 |   4274 |     31 |   1511 |   1882 |   3 | 1435.0 |
       Dungeon |   4305 |   4274 |     31 |   1511 |   1882 |   3 | 1435.0 |
               +--------+--------+--------+--------+--------+-----+--------+

Top non-repeatable levels by time:
     D:2: 1530 daAuts
     D:3: 1433 daAuts
     D:1: 1341 daAuts
